 Dungeon Crawl Stone Soup version 0.31.0-12-g77e489cdc1 (webtiles) character file.

Game seed: 17440021831875146608

28 safid the Ruffian (level 2, -2/23 HPs)
             Began as a Draconian Shapeshifter on Mar 6, 2024.
             Killed from afar by Sigmund (11 damage)
             ... with a puff of flame
             ... on level 2 of the Dungeon.
             The game lasted 00:01:44 (976 turns).

safid the Ruffian (Draconian Shapeshifter)           Turns: 976, Time: 00:01:44

Health: -2/23      AC:  4    Str: 16    XL:     2   Next: 96%
Magic:  2/2        EV: 12    Int: 10    God:
Gold:   14         SH:  0    Dex: 10    Spells: 1/1 levels left

rFire   . .          .
                       - Unarmed
rCold   . . .        (no shield)
rNeg    . . .        (body armour unavailable)
rPois   .            (helmet currently unavailable)
rElec   .            (cloak currently unavailable)
rCorr   .            (gloves currently unavailable)
SInv    .            (boots currently unavailable)
Will    .....        (no amulet)
Stlth   +            (no ring)
HPRegen 0.23/turn    (no ring)
MPRegen 0.08/turn

%: no passive effects
@: beast-form
A: beast (slay +1), AC +4, unfitting armour, cold-blooded
a: Begin Untransformation


You were on level 2 of the Dungeon.
You were a hulking beast.
You visited 1 branch of the dungeon, and saw 2 of its levels.

You collected 47 gold pieces.
You spent 33 gold pieces at shops.

Inventory:

Jewellery
 f - a ring of ice
Talismans
 b - a beast talisman
 c - a flux talisman
Scrolls
 g - 5 scrolls of identify {unknown}
 h - a scroll of silence {unknown}
 j - a scroll of amnesia {unknown}
Potions
 a - a potion of lignification
 d - 2 potions of haste {unknown}
 e - a potion of might {unknown}
 i - a potion of enlightenment {unknown}
 k - a potion of curing


   Skills:
 + Level 1.1 Fighting
 + Level 1.8 Dodging
 + Level 3.7 Unarmed Combat
 + Level 3.3 Shapeshifting


You had one spell level left.
You didn't know any spells.
Your spell library was empty.

Dungeon Overview and Level Annotations

Branches:
Dungeon (2/15)

Altars:

Shops:
D:1 !

Annotations:
D:2 Sigmund


Innate Abilities, Weirdness & Mutations

You are a hulking beast.
Your limbs bulge with bestial killing power. (Slay +1)
Your plain brown scales are hard. (AC +4)
You cannot fit into any form of body armour.
You are cold-blooded and may be slowed by cold attacks.


Message History

You closely miss the kobold.
Your tail-slap misses the kobold.
The kobold closely misses you.
You hit the kobold.
You kill the kobold!
No target in view!
No target in view!
No target in view!
No target in view!
No target in view!
Found a stone staircase leading down.
Done exploring.
Done exploring.
No target in view!
Done exploring.
Done exploring.
There is a stone staircase leading down here.
You climb downwards.
There is a stone staircase leading up here.
Sigmund is nearby!
Sigmund closely misses you.
Okay, then.
Found 2 poisoned darts.
You hit Sigmund.
Sigmund is moderately wounded.
Sigmund barely misses you.
You hit Sigmund.
Sigmund is heavily wounded.
You closely miss Sigmund.
Sigmund is heavily wounded.
Sigmund gestures at you while chanting. The puff of flame hits you!
You punch Sigmund!
Sigmund is severely wounded.
Sigmund hits you with a +0 scythe.
You completely miss Sigmund.
Your tail-slap misses Sigmund.
Sigmund is severely wounded.
Sigmund gestures at you while chanting. The puff of flame hits you!
You die...
Sigmund begins carving another notch in his scythe.

######### #
#.......#
#.# #<# (.
####.##.#
#.......#
.....##h##.#
#.##
#@.......
...#....#
#.... ...#
#.#.## ..#
#. .# .# #.
.. # #. ##


You could see Sigmund.

Vanquished Creatures
  2 dart slugs (D:1)
  3 ball pythons (D:1)
  2 endoplasms (D:1)
  2 hobgoblins (D:1)
  2 jackals (D:1)
  3 bats (D:1)
  2 frilled lizards (D:1)
  3 goblins (D:1)
  3 kobolds (D:1)
22 creatures vanquished.

Notes
Turn   | Place    | Note
-------+----------+-------------------------------------------
     0 | D:1      | safid the Draconian Shapeshifter began the quest for the
                  | Orb.
     0 | D:1      | Reached XP level 1. HP: 16/16 MP: 1/1
   224 | D:1      | Reached XP level 2. HP: 11/23 MP: 2/2
   604 | D:1      | Found Buesytwy's Distillery.
   626 | D:1      | Bought a potion of curing for 33 gold pieces
   968 | D:2      | Noticed Sigmund
   976 | D:2      | Killed from afar by Sigmund

Illustrated notes

Levels and vault maps discovered:
D:1:      elethiomel_arrival_quiet, layout_basic, serial_shops,
          nicolae_shop_industrial_runoff
D:2:      layout_loops_cross, serial_shops, nicolae_shop_just_a_little_nook,
          basic_altar, uniq_jessica, uniq_sigmund

Action                     || total
---------------------------++-------
  Melee: Unarmed           ||    54
         Tailslap          ||     9
   Stab: Sleeping          ||     1
 Armour: Skin              ||    28
  Dodge: Dodged            ||    29
